 Dungeon Crawl Stone Soup version 0.32-a0-861-g165e151e72 (webtiles) character file.

Game seed: 1493842477217449556

160 Ajdolov the Trooper (level 5, -13/30 HPs)
             Began as a Vine Stalker Monk on Mar 27, 2024.
             Mangled by Crazy Yiuf
             ... wielding a +4 quarterstaff of chaos
              (17 damage)
             ... on level 3 of the Dungeon.
             The game lasted 00:03:55 (2094 turns).

Ajdolov the Trooper (Vine Stalker Monk)             Turns: 2094, Time: 00:03:56

Health: -13/30     AC:  6    Str: 15    XL:     5   Next: 41%
Magic:  0/6        EV: 10    Int: 10    God:
Gold:   147        SH:  0    Dex: 13    Spells: 4/4 levels left

rFire   . . .        r - +4 hammer of the Tundras {flame, Will+ rCorr Dex-4}
rCold   . . .        d - orb {light}
rNeg    . . .        o - +0 ring mail
rPois   .            m - +0 helmet
rElec   .            (no cloak)
rCorr   +            (no gloves)
SInv    .            (no boots)
Will    +....        k - amulet of magic regeneration
Stlth   +            g - ring of resist corrosion
HPRegen 1.05/turn    (no ring)
MPRegen 0.50/turn

%: guardian spirit
@: glowing
A: fangs 2, regeneration 1, magic shield, antimagic bite, no potion heal 2
a: no special abilities


You were on level 3 of the Dungeon.
You visited 1 branch of the dungeon, and saw 3 of its levels.

You collected 147 gold pieces.

Inventory:

Hand Weapons
 r - the +4 hammer of the Tundras (weapon) {flame, Will+ rCorr Dex-4}
   (You found it on level 3 of the Dungeon)

   Dex-4:     It affects your dexterity (-4).
   Will+:     It increases your willpower.
   rCorr:     It protects you from acid and corrosion.
Armour
 d - an orb of light (worn)
 m - a +0 helmet (worn)
 o - a +0 ring mail (worn)
Jewellery
 g - a ring of resist corrosion (left hand)
 k - an amulet of magic regeneration (around neck)
Wands
 l - a wand of flame (18)
Scrolls
 h - 2 scrolls of identify {unknown}
 j - 2 scrolls of vulnerability {unknown}
Potions
 b - a potion of mutation {unknown}
 c - a potion of ambrosia
 e - 3 potions of curing {unknown}
 f - a potion of cancellation {unknown}
 i - a potion of haste {unknown}
 n - a potion of heal wounds {unknown}
 p - a potion of brilliance {unknown}
 q - a potion of might {unknown}


   Skills:
 - Level 5.0 Fighting
 + Level 3.4 Maces & Flails
 - Level 2.4 Dodging


You had 4 spell levels left.
You didn't know any spells.
Your spell library contained the following spells:

 Spells                   Type           Power      Damage    Failure   Level
 Kiss of Death            Conj/Necr      0%         2d5       58%         1
 Magic Dart               Conj           0%         1d3       58%         1
 Blink                    Tloc           0%         N/A       75%         2
 Call Imp                 Summ           0%         N/A       75%         2
 Call Canine Familiar     Summ           0%         N/A       92%         3
 Confusing Touch          Hex            0%         N/A       92%         3
 Sigil of Binding         Hex            0%         N/A       92%         3
 Animate Dead             Necr           0%         N/A       100%        4
 Dimensional Bullseye     Hex/Tloc       0%         N/A       100%        4
 Dispel Undead            Necr           0%         3d6       100%        4
 Borgnjor's Vile Clutch   Necr/Erth      0%         N/A       100%        5
 Death Channel            Necr           0%         N/A       100%        6
 Sculpt Simulacrum        Ice/Alch       0%         N/A       100%        6


Dungeon Overview and Level Annotations

Branches:
Dungeon (3/15)

Altars:
Okawaru

Shops:
D:1 *

Annotations:
D:3 Crazy Yiuf


Innate Abilities, Weirdness & Mutations

You have extremely sharp teeth.
Your natural rate of healing is unusually fast.
When hurt, damage is shared between your health and your magic reserves.
Your bite disrupts and absorbs the magic of your enemies.
Potions cannot restore your health.


Message History

Item here: the +4 hammer of the Tundras {flame, Will+ rCorr Dex-4}.
The floor.
This square is lit by a halo.
You see here the +4 hammer of the Tundras {flame, Will+ rCorr Dex-4}.
r - the +4 hammer of the Tundras {flame, Will+ rCorr Dex-4} You feel clumsy.
The +4 hammer of the Tundras {flame, Will+ rCorr Dex-4} bursts into flame!
r - the +4 hammer of the Tundras (weapon)
{flame, Will+ rCorr Dex-4} You drop a +0 mace.
You see here a +0 hammer.
Found a hammer.
Found a runed translucent door.
Crazy Yiuf shouts!
Crazy Yiuf says, "Citrus noodlescoop verde!"
You see here a +0 hammer.
You see here a +0 mace.
You see here a +0 mace.
You see here a +0 hammer.
Press: ? - help, v - describe, . - travel The floor.
This square is lit by a halo.
Okay, then.
You open the door. You hit Crazy Yiuf. You burn Crazy Yiuf.
Crazy Yiuf is lightly wounded.
Crazy Yiuf misses you.
You hit Crazy Yiuf. You burn Crazy Yiuf. You bite Crazy Yiuf.
You drain his power.
Crazy Yiuf is severely wounded.
Crazy Yiuf hits you with a +4 quarterstaff of chaos.
You fall asleep.
Crazy Yiuf hits you with a +4 quarterstaff of chaos!!
You wake up.
Ouch! That really hurt!
* * * LOW HITPOINT WARNING * * *
Crazy Yiuf draws strength from your wounds!
You hit Crazy Yiuf. You burn Crazy Yiuf.
Crazy Yiuf is heavily wounded.
Crazy Yiuf hits you with a +4 quarterstaff of chaos!!
Ouch! That really hurt!
You die...

###♣♣♣♣♣ ##.+P.♣.♣♣♣
###
#####.)..).♣..♣#...#
#........)♣♣♣♣@g...#
#.....)+P♣♣ ♣♣#..)#
#.....##♣♣ ###
########## #.....#
#........# #.....#
#........#
#.....####
########........#
#........#
#...##..........#
#........###
#..>##..........#
#.........>#
#....#..<........


You could see Crazy Yiuf.

Vanquished Creatures
  Robin (D:2)
  4 gnolls
  4 adders (D:2)
  7 endoplasms
  3 giant cockroaches
  18 goblins
  7 hobgoblins
  2 quokkas (D:1)
  7 ball pythons
  4 bats
  4 frilled lizards
  3 kobolds
  6 rats
70 creatures vanquished.

Notes
Turn   | Place    | Note
-------+----------+-------------------------------------------
     0 | D:1      | Ajdolov the Vine Stalker Monk began the quest for the Orb.
     0 | D:1      | Reached XP level 1. HP: 11/11 MP: 2/2
    83 | D:1      | Reached skill level 3 in Fighting
   157 | D:1      | Reached XP level 2. HP: 16/16 MP: 3/3
   207 | D:1      | Found Purulog's General Store.
   307 | D:1      | Reached XP level 3. HP: 15/21 MP: 2/4
   343 | D:1      | Found a faded altar of an unknown god.
   517 | D:1      | Reached skill level 4 in Fighting
   881 | D:2      | Reached XP level 4. HP: 26/26 MP: 5/5
   928 | D:2      | Noticed Robin
   952 | D:2      | Killed Robin
  1108 | D:2      | Reached skill level 5 in Fighting
  1146 | D:2      | Reached XP level 5. HP: 28/30 MP: 6/6
  1759 | D:3      | Found an iron altar of Okawaru.
  2028 | D:3      | Identified the +4 hammer of the Tundras {flame, Will+ rCorr
                  | Dex-4}
  2038 | D:3      | Found a runed translucent door.
  2039 | D:3      | Noticed Crazy Yiuf
  2094 | D:3      | Mangled by Crazy Yiuf

Illustrated notes

Levels and vault maps discovered:
D:1:      dpeg_arrival_pond, layout_loops_ring,
          ebering_ecumenical_altar_sacrificial, serial_shops, shop,
          corner_web_ring
D:2:      layout_rooms, interstate_on_off, uniq_robin
D:3:      layout_rooms, okawaru_gym_becter, kennysheep_boxes,
          uniq_crazy_yiuf_cottage

Skill      XL: |  1  2  3  4  5 |
---------------+----------------+-----
Fighting       | 3 4 5 |  5.0
Maces & Flails | 3 |  3.4
Dodging        | |  2.4

Action                     |  1- 3 |  4- 6 || total
---------------------------+-------+-------++-------
  Melee: Mace              |    64 |    72 ||   136
         Bite              |    10 |    18 ||    28
 Armour: Robe              |    26 |    28 ||    54
         Ring mail         |       |    33 ||    33
  Dodge: Dodged            |    41 |    59 ||   100

Table legend: (Time is in decaauts)
 A = Elapsed time spent in this place.
 B = Non-inter-level travel time spent in this place.
 C = Inter-level travel time spent in this place.
 D = Time resting spent in this place.
 E = Time spent auto-exploring this place.
 F = Levels seen in this place.
 G = Mean time per level.
                   A        B        C        D        E       F      G
               +--------+--------+--------+--------+--------+-----+--------+
         Total |   2129 |   2081 |     48 |    102 |   1445 |   3 |  709.7 |
       Dungeon |   2129 |   2081 |     48 |    102 |   1445 |   3 |  709.7 |
               +--------+--------+--------+--------+--------+-----+--------+

Top non-repeatable levels by time:
     D:1: 820 daAuts
     D:2: 758 daAuts
     D:3: 550 daAuts
